 Dungeon Crawl Stone Soup version 0.29-a0-1016-g236c7fd91e (webtiles) character file.

Game seed: 3713428722895386850

13250 drugrobin the Cleaver (level 11, -6/95 HPs)
             Began as a Demigod Fighter on Aug 9, 2022.
             Mangled by a komodo dragon (19 damage)
             ... on level 1 of the Lair of Beasts.
             The game lasted 00:47:48 (15354 turns).

drugrobin the Cleaver (Demigod Fighter)            Turns: 15354, Time: 00:47:53

Health: -6/95      AC: 13    Str: 29    XL:     11   Next: 45%
Magic:  14/14      EV: 10    Int: 10    God:
Gold:   1331       SH:  9    Dex: 13    Spells: 10/10 levels left

rFire   + . .      SeeInvis .   a - +1 broad axe (flame)
rCold   . . .      Faith    .   C - +0 buckler
rNeg    . . .      Spirit   .   f - +4 ring mail {rF+}
rPois   .          Reflect  +   s - +1 helmet
rElec   .          Harm     .   c - +0 cloak
rCorr   .          Rampage  .   G - +0 pair of gloves
Will    ++...                   (no boots)
Stlth   +.........              e - amulet of reflection
HPRegen 0.25/turn               F - ring of willpower
MPRegen 0.14/turn               (no ring)

@: no status effects
A: high MP 1, forlorn, divine attributes
a: no special abilities


You were on level 1 of the Lair of Beasts.
You visited 2 branches of the dungeon, and saw 10 of its levels.
You also visited: Bailey and Volcano.

You collected 1668 gold pieces.
You spent 337 gold pieces at shops.

Inventory:

Hand Weapons
 a - a +1 broad axe of flaming (weapon)
 b - the +6 mace "Roistran" {protect, *Noise rF++}
   (You found it on level 2 of the Dungeon)

   It grants its wielder temporary protection when it strikes (+7 to AC).
   rF:        It greatly protects you from fire.
   *Noise:    It may make noises in combat.
 d - a +4 whip of electrocution
Missiles
 g - 3 curare-tipped darts
 z - 4 javelins
 A - 36 poisoned darts
 D - 4 boomerangs (quivered)
Armour
 c - a +0 cloak (worn)
 f - a +4 ring mail of fire resistance (worn)
 s - a +1 helmet (worn)
 C - a +0 buckler (worn)
 G - a +0 pair of gloves (worn)
 W - a +0 troll leather armour
Jewellery
 e - an amulet of reflection (around neck)
 F - a ring of willpower (left hand)
Wands
 m - a wand of acid (6)
 x - a wand of paralysis (13)
 J - a wand of iceblast (10)
Scrolls
 h - 4 scrolls of noise {unknown}
 i - 3 scrolls of immolation {unknown}
 k - a scroll of identify
 n - 5 scrolls of teleportation {unknown}
 v - 4 scrolls of enchant armour {unknown}
 y - 2 scrolls of blinking
 E - 2 scrolls of torment {unknown}
 N - 2 scrolls of vulnerability {unknown}
 P - a scroll of magic mapping
 S - 2 scrolls of fear
 T - a scroll of fog
Potions
 l - 2 potions of heal wounds
 r - 2 potions of berserk rage {unknown}
 t - 2 potions of ambrosia {unknown}
 u - 2 potions of haste {unknown}
 w - 3 potions of flight {unknown}
 B - a potion of degeneration {unknown}
 H - a potion of cancellation {unknown}
 I - a potion of magic {unknown}
 K - a potion of lignification {unknown}
 L - a potion of brilliance {unknown}
 M - 2 potions of might
 O - 2 potions of resistance
 R - 2 potions of invisibility {unknown}
 U - a potion of attraction {unknown}


   Skills:
 + Level 8.8 Fighting
 * Level 13.0 Axes
 - Level 2.6 Armour
 - Level 2.6 Shields
 + Level 8.3 Evocations


You had 10 spell levels left.
You didn't know any spells.
Your spell library contained the following spells:

 Spells                   Type           Power      Damage    Failure   Level
 Necrotise                Necr           0%         1d4       58%         1
 Call Canine Familiar     Summ           0%         N/A       91%         3
 Dazzling Flash           Conj/Hex       0%         N/A       91%         3
 Portal Projectile        Hex/Tloc       0%         N/A       91%         3
 Vampiric Draining        Necr           0%         2d6       91%         3
 Iskenderun's Mystic Bla  Conj/Tloc      0%         2d3       100%        4
 Leda's Liquefaction      Hex/Erth       0%         N/A       100%        4
 Agony                    Necr           0%         N/A       100%        5
 Starburst                Conj/Fire      0%         6d3       100%        6


Dungeon Overview and Level Annotations

Branches:
Dungeon (9/15)             Temple (0/1) D:6            Lair (1/5) D:9
 Bailey (visited)         Volcano (visited)
    Orc: D:9-12

Shops:
D:4 (   D:8 :

Annotations:
D:9 2 transporters


Innate Abilities, Weirdness & Mutations

You have an increased reservoir of magic. (+10% MP)
You shall have no god before yourself.
Your divine heritage dramatically boosts your attributes as you level up.


Message History

You hit the komodo dragon but do no damage.
The komodo dragon is heavily wounded.
The komodo dragon bites you but does no damage.
You hit the komodo dragon but do no damage.
The komodo dragon is heavily wounded.
The komodo dragon barely misses you.
You hit the komodo dragon. You burn the komodo dragon.
The komodo dragon is severely wounded.
You block the komodo dragon's attack.
You barely miss the komodo dragon.
The komodo dragon is severely wounded.
You block the komodo dragon's attack.
You closely miss the komodo dragon.
The komodo dragon is severely wounded.
The komodo dragon bites you but does no damage.
You closely miss the komodo dragon.
The komodo dragon is severely wounded.
The komodo dragon bites you!
You barely miss the komodo dragon.
The komodo dragon is severely wounded.
You block the komodo dragon's attack.
You hit the komodo dragon but do no damage.
The komodo dragon is severely wounded.
The komodo dragon bites you!!
You barely miss the komodo dragon.
The komodo dragon is severely wounded.
You block the komodo dragon's attack.
You barely miss the komodo dragon.
The komodo dragon is severely wounded.
The komodo dragon bites you!!
* * * LOW HITPOINT WARNING * * *
Unknown command.
Unknown command.
Throw: throwing net
Press: ? - help, Shift-Dir - straight line, f - komodo dragon
Aim: a komodo dragon (severely wounded, 69% to hit)
You throw a throwing net.
The throwing net closely misses the komodo dragon.
The komodo dragon bites you!!
You die...

*## #########.#*** #..........,,*
#........##+.# ***##* ###
######..........#.#
**#.##P####.###.#.##...+##.#+.#.#
,,.......(.....l@..)...#....#.#..
,,...........>.#####...........)+
,**######......#####...#..#...#..
.########.....##.....#.#....#.#..
.......#......#........+.###+....
,,#...........##.....#........#..
.......##......#.....+.#.###.#+..
.#....!*......##.................
,#.###.##.....##......P........P.


You could see a komodo dragon.

Vanquished Creatures
  A red draconian (Volcano)
  2 vault guards (Bailey)
  A centaur warrior (Volcano)
  Joseph (Lair:1)
  A molten gargoyle (Volcano)
  A cane toad (Lair:1)
  4 yaktaurs (Volcano)
  2 komodo dragons
  A troll (D:9)
  Prince Ribbit (Bailey)
  4 yaks (D:8)
  A wyvern (Lair:1)
  6 fire bats (Volcano)
  2 steam dragons (D:8)
  9 humans (Bailey)
  Menkaure (D:7)
  An acid dragon (D:9)
  A water moccasin (Lair:1)
  2 orc warriors
  5 ice beasts
  3 black bears
  A sky beast (D:8)
  An ogre (D:6)
  3 wolves (Lair:1)
  4 phantoms
  6 centaurs
  Blork the orc (D:4)
  4 kobold brigands
  3 necrophages
  10 bullfrogs
  2 scorpions (D:5)
  4 killer bees (D:8)
  An electric eel (D:6)
  2 howler monkeys (D:8)
  5 lava snakes (Volcano)
  3 jellies
  A gnoll bouda (D:7)
  An orc priest (D:7)
  5 hounds
  3 iguanas
  Terence (D:2)
  6 orc wizards
  Robin (D:2)
  3 gnolls
  9 adders
  A white imp (D:5)
  An ufetubus (D:7)
  5 worms
  A dart slug (D:1)
  17 orcs
  10 ball pythons
  8 bats
  6 endoplasms
  4 giant cockroaches
  9 goblins
  10 hobgoblins
  4 jackals
  26 kobolds
  3 quokkas
  5 frilled lizards
  6 rats
246 creatures vanquished.

Vanquished Creatures (others)
  An orc (D:8)
  3 goblins (D:8)
  3 fungi (Lair:1)
  13 plants
20 creatures vanquished.

Grand Total: 266 creatures vanquished

Notes
Turn   | Place    | Note
-------+----------+-------------------------------------------
     0 | D:1      | drugrobin the Demigod Fighter began the quest for the Orb.
     0 | D:1      | Reached XP level 1. HP: 18/18 MP: 3/3
    51 | D:1      | Reached skill level 2 in Axes
   287 | D:1      | Reached XP level 2. HP: 25/25 MP: 4/4
   518 | D:1      | Reached skill level 3 in Axes
  1191 | D:2      | Reached XP level 3. HP: 20/30 MP: 5/5
  1754 | D:2      | Noticed Terence
  1764 | D:2      | Killed Terence
  1765 | D:2      | Reached skill level 4 in Axes
  1765 | D:2      | Reached XP level 4. HP: 32/37 MP: 6/6
  1820 | D:2      | Noticed Robin
  1831 | D:2      | Killed Robin
  2075 | D:2      | Identified the +6 mace "Roistran" {protect, *Noise rF++}
  2331 | D:3      | Noticed an ice beast
  2347 | D:3      | Killed an ice beast
  2348 | D:3      | Reached skill level 5 in Axes
  2348 | D:3      | Reached XP level 5. HP: 42/42 MP: 7/7
  3233 | D:4      | Noticed Blork the orc
  3237 | D:4      | Noticed a centaur
  3243 | D:4      | Killed Blork the orc
  3244 | D:4      | Reached XP level 6. HP: 41/51 MP: 8/8
  3249 | D:4      | Reached skill level 6 in Axes
  3249 | D:4      | Reached skill level 1 in Evocations
  3468 | D:4      | Found Hoongagh's Antique Weapon Emporium.
  4281 | D:5      | Entered Level 5 of the Dungeon
  4295 | D:5      | Reached XP level 7. HP: 57/57 MP: 9/9
  4600 | D:5      | Reached skill level 7 in Axes
  4921 | D:5      | Reached XP level 8. HP: 48/67 MP: 10/10
  5539 | D:6      | Reached skill level 8 in Axes
  5878 | D:6      | Reached skill level 5 in Fighting
  6183 | D:6      | Found a staircase to the Ecumenical Temple.
  6846 | D:4      | Bought a pitted mace for 200 gold pieces
  6846 | D:4      | Identified the +3 mace of Koddeo {holy, Drain Int+5} (You
                  | bought it in a shop on level 4 of the Dungeon)
  6846 | D:4      | Bought a glowing whip for 137 gold pieces
  8110 | D:7      | Reached skill level 9 in Axes
  8300 | D:7      | Reached XP level 9. HP: 74/75 MP: 11/11
  8364 | D:7      | Noticed Menkaure
  8371 | D:7      | Killed Menkaure
  8372 | D:7      | Reached skill level 5 in Evocations
  8892 | D:8      | Found Lemik's Book Emporium.
  9123 | D:8      | Reached skill level 10 in Axes
  9182 | D:8      | Found a flagged portal.
  9187 | Bailey   | Entered a bailey
  9819 | Bailey   | Reached XP level 10. HP: 71/84 MP: 13/13
 10156 | Bailey   | Noticed Prince Ribbit
 10156 | Bailey   | Noticed a vault guard
 10166 | Bailey   | Killed Prince Ribbit
 10167 | Bailey   | Reached skill level 11 in Axes
 10201 | Bailey   | Killed a vault guard
 10492 | Bailey   | Noticed a vault guard
 10529 | Bailey   | Killed a vault guard
 11340 | D:8      | Identified the +8 rapier "Camoemp" {vorpal, *Rage rPois
                  | rF++ Dex+3}
 11560 | D:8      | Identified a scroll of acquirement
 11561 | D:8      | Acquired 903 gold pieces
 11696 | D:9      | Found a staircase to the Lair.
 11706 | D:9      | Found a transporter.
 11715 | D:9      | Found a transporter.
 11874 | D:9      | Found a transporter.
 12926 | D:9      | Found a transporter.
 13008 | Lair:1   | Entered Level 1 of the Lair of Beasts
 13051 | Lair:1   | Noticed Joseph
 13063 | Lair:1   | Reached skill level 12 in Axes
 13076 | Lair:1   | Killed Joseph
 13208 | Lair:1   | Found a dark tunnel.
 13224 | Volcano  | Entered a volcano
 13281 | Volcano  | Reached XP level 11. HP: 90/94 MP: 14/14
 13738 | Volcano  | Noticed a red draconian
 13747 | Volcano  | Noticed a centaur warrior
 13824 | Volcano  | Killed a red draconian
 14294 | Volcano  | HP: 3/95 [centaur warrior/arrow (17)]
 14299 | Volcano  | Killed a centaur warrior
 14990 | Lair:1   | Reached skill level 13 in Axes
 15354 | Lair:1   | Mangled by a komodo dragon

Illustrated notes

Levels and vault maps discovered:
D:1:      amcnicky_arrival_choice, layout_basic
D:2:      layout_loops_corners, uniq_terence, uniq_robin
D:3:      layout_loops_ring, lemuel_tele_altar, serial_bayou_crossing
D:4:      layout_basic, gammafunk_temple_overflow_claw,
          mainiacjoe_overflow_catwalk_spiral, serial_shops,
          nicolae_shop_hallway_stairs, uniq_blork_the_orc
D:5:      minmay_skewed_foursquare, layout_basic, mainiacjoe_overflow_brackets
D:6:      layout_basic, minmay_temple_entry_wispy, kennysheep_small_spiral,
          minivault_14
D:7:      layout_gridville, uniq_menkaure
D:8:      layout_basic, serial_shops, nicolae_shop_advertising_works
          [nicolae_subvault_shop_adworks], enter_bailey_3, st_stairs_13,
          grunt_ministairs_12
D:9:      layout_cave_pods, nicolae_overflow_hidden_temple, david_lair_shrubbed,
          minmay_misc_feat_cross, nicolae_transporter_intersection
Lair:1:   layout_regular_city, enter_volcano_1, minivault_11, uniq_joseph

Skill      XL: |  1  2  3  4  5  6  7  8  9 10 11 |
---------------+----------------------------------+-----
Axes           | 2 3 4 5 6 7 9 10 12 13 | 13.0
Fighting       | 3 4 5 6 8 |  8.8
Evocations     | 2 3 4 6 7 8 |  8.3
Armour         | |  2.6
Shields        | |  2.6

Action                   |  1- 3 |  4- 6 |  7- 9 | 10-12 || total
-------------------------+-------+-------+-------+-------++-------
Melee: War axe           |    94 |    39 |   117 |       ||   250
       Mace              |       |   111 |   158 |   131 ||   400
       Hand axe          |       |       |    47 |       ||    47
       Whip              |       |       |    80 |    83 ||   163
       Broad axe         |       |       |       |   104 ||   104
 Fire: Sling             |     2 |     5 |     4 |       ||    11
Throw: Dart              |     1 |       |     8 |    18 ||    27
       Boomerang         |       |     8 |    54 |     3 ||    65
       Javelin           |       |       |       |     1 ||     1
       Throwing net      |       |       |       |     1 ||     1
Evoke: Wand              |       |       |     2 |    10 ||    12
  Use: Potion            |       |       |     2 |     6 ||     8
       Scroll            |       |       |       |    13 ||    13
 Stab: Paralysed         |       |       |     4 |    26 ||    30
Armor: Scale mail        |    34 |       |       |       ||    34
       Ring mail         |       |    54 |    88 |    61 ||   203
       Plate armour      |       |       |    65 |    46 ||   111
       Troll leather arm |       |       |       |     3 ||     3
Dodge: Dodged            |    21 |    49 |   119 |    84 ||   273
Block: Buckler           |    47 |    56 |   196 |   149 ||   448
       Reflection        |       |     1 |     4 |    17 ||    22

Table legend: (Time is in decaauts)
 A = Elapsed time spent in this place.
 B = Non-inter-level travel time spent in this place.
 C = Inter-level travel time spent in this place.
 D = Time resting spent in this place.
 E = Time spent auto-exploring this place.
 F = Levels seen in this place.
 G = Mean time per level.
                   A        B        C        D        E       F      G
               +--------+--------+--------+--------+--------+-----+--------+
         Total |  15483 |  15059 |    424 |   3531 |   7821 |  12 | 1290.2 |
       Dungeon |  11720 |  11319 |    401 |   1947 |   6814 |   9 | 1302.2 |
          Lair |    693 |    670 |     23 |    193 |    238 |   1 |  693.0 |
        Bailey |   1482 |   1482 |      0 |    823 |    293 |   1 | 1482.0 |
       Volcano |   1586 |   1586 |      0 |    568 |    476 |   1 | 1586.0 |
               +--------+--------+--------+--------+--------+-----+--------+

Top non-repeatable levels by time:
     D:6: 2164 daAuts
 Volcano: 1586 daAuts
  Bailey: 1482 daAuts
     D:5: 1474 daAuts
     D:4: 1429 daAuts
     D:8: 1388 daAuts
     D:9: 1387 daAuts
     D:2: 1312 daAuts
     D:1: 881 daAuts
     D:7: 880 daAuts
     D:3: 801 daAuts
  Lair:1: 693 daAuts
